 Dungeon Crawl Stone Soup version 0.30-a0-622-gddc90eaa04 (webtiles) character file.

Game seed: 11470498984266083453

8435 zazu2006 the Covert (level 11, 0/92 HPs)
             Began as a Naga Hedge Wizard on Jan 11, 2023.
             Was a Priest of Vehumet.
             Slain by a catoblepas (16 damage)
             ... while petrified by a catoblepas
             ... on level 8 of the Dungeon.
             The game lasted 00:27:54 (10769 turns).

zazu2006 the Covert (Naga Hedge Wizard)            Turns: 10769, Time: 00:27:55

Health: 0/92       AC:  7    Str: 14    XL:     11   Next: 30%
Magic:  23/23      EV:  1    Int: 22    God:    Vehumet [***...]
Gold:   821        SH:  0    Dex: 12    Spells: 19/26 levels left

rFire   . . .      SeeInvis +    V - +1 scimitar (flame)
rCold   . . .      Faith    .    I - +0 buckler
rNeg    + + +      Spirit   .    b - +0 robe
rPois   ∞          Reflect  +    c - +0 hat
rElec   .          Harm     .    v - +2 cloak
rCorr   .          Rampage  .    (no gloves)
Will    +....                    (no barding)
Stlth   ++++                     M - amulet of Motaoth {Reflect Regen+ Slay+2 SH+5}
HPRegen 1.15/turn                P - +5 ring of evasion
MPRegen 0.18/turn                h - +6 ring of intelligence

@: petrified, very slow
A: AC +3, large, see invisible, deformed body, poison resistance, slowness 2,
spit poison 1, naga tail 1
a: Spit Poison, Renounce Religion


You were on level 8 of the Dungeon.
You worshipped Vehumet.
Vehumet was most pleased with you.
You visited 3 branches of the dungeon, and saw 11 of its levels.

You collected 926 gold pieces.
You spent 105 gold pieces at shops.

Inventory:

Hand Weapons
 m - a +2 rapier of protection
 O - a +1 vampiric short sword
 V - a +1 scimitar of flaming (weapon)
Missiles
 l - 107 stones
Armour
 b - a +0 robe (worn)
 c - a +0 hat (worn)
 v - a +2 cloak (worn)
 I - a +0 buckler (worn)
 W - the +1 robe of the Fisher {rElec rF- Will++ SInv}
   (You found it on level 9 of the Dungeon)

   rF:        It makes you vulnerable to fire.
   rElec:     It insulates you from electricity.
   SInv:      It lets you see invisible.
   Will:      It greatly increases your willpower.
Jewellery
 e - a ring of magical power
 g - an amulet of reflection
 h - a +6 ring of intelligence (right hand)
 q - a ring of protection from fire
 r - the amulet of Laifiaj {RegenMP rC+ Regen+ MP+9 Int-5}
   (You found it on level 3 of the Dungeon)

   [amulet of magic regeneration]

   It increases your rate of magic regeneration.
   Int:       It affects your intelligence (-5).
   rC:        It protects you from cold.
   MP:        It affects your magic capacity (+9).
   Regen:     It increases your rate of health regeneration.
 w - a +6 ring of dexterity
 H - an amulet of faith
 M - the amulet of Motaoth (around neck) {Reflect Regen+ Slay+2 SH+5}
   (You found it on level 7 of the Dungeon)

   [amulet of reflection]

   It reflects blocked missile attacks.
   Slay:      It affects your accuracy & damage with ranged weapons and melee
   (+2).
   Regen:     It increases your rate of health regeneration.
   SH:        It affects your SH (+5).
 P - a +5 ring of evasion (left hand)
 Q - a ring of magical power
 R - a +6 ring of intelligence
Wands
 p - a wand of iceblast (2)
 y - a wand of polymorph (16)
 E - a wand of flame (54)
 L - a wand of charming (3)
 N - a wand of quicksilver (2)
Scrolls
 j - 5 scrolls of enchant armour
 k - 4 scrolls of teleportation
 o - 2 scrolls of noise
 s - 3 scrolls of magic mapping
 u - 2 scrolls of fear {unknown}
 x - a scroll of summoning {unknown}
 B - a scroll of immolation {unknown}
 D - a scroll of fog {unknown}
 F - 2 scrolls of silence
 J - a scroll of vulnerability {unknown}
 S - 2 scrolls of identify
Potions
 d - a potion of magic
 f - 7 potions of curing
 n - 2 potions of flight
 t - 5 potions of heal wounds {unknown}
 z - 2 potions of mutation
 A - a potion of resistance
 C - 3 potions of brilliance
 G - a potion of lignification
 K - a potion of haste
 T - a potion of invisibility {unknown}
 U - 2 potions of berserk rage {unknown}
Miscellaneous
 i - a tin of tremorstones (2/2)


   Skills:
 + Level 4.1 Fighting
 + Level 0.1 Long Blades
 + Level 5.5 Dodging
 + Level 10.3 Stealth
 + Level 6.0 Shields
 + Level 8.0 Spellcasting
 + Level 6.9 Conjurations
 + Level 1.1 Summonings
 + Level 1.0 Translocations
 + Level 4.0 Air Magic
 + Level 6.0 Poison Magic
 + Level 0.7 Evocations


You had 19 spell levels left.
You knew the following spells:

 Your Spells              Type           Power      Damage    Failure   Level
a - Magic Dart            Conj           100%       1d8       1%          1
b - Mephitic Cloud        Conj/Pois/Air  33%        N/A       1%          3
c - Shock                 Conj/Air       100%       1d9       1%          1
d - Blink                 Tloc           26%        N/A       9%          2

Your spell library contained the following spells:

 Spells                   Type           Power      Damage    Failure   Level
 Kindle Blastsparks       Fire/Tloc/Air  32%        2d12      3%          3
 Static Discharge         Conj/Air       66%        2-5/arc   1%          2
 Cigotuvi's Dreadful Rot  Necr/Pois/Air  46%        N/A       3%          2
 Arcjolt                  Conj/Air       16%        1d26      7%          5
 Lightning Bolt           Conj/Air       16%        1d30      7%          5
 Spider Form              Tmut/Pois      22%        N/A       8%          3
 Slow                     Hex            32%        N/A       9%          1
 Call Imp                 Summ           13%        N/A       9%          2
 Vhi's Electric Charge    Tloc/Air       38%        N/A       10%         3
 Ensorcelled Hibernation  Hex/Ice        16%        N/A       13%         2
 Gell's Gravitas          Tloc           13%        N/A       17%         3
 Teleport Other           Tloc           13%        N/A       17%         3
 Portal Projectile        Hex/Tloc       22%        N/A       22%         3
 Tukima's Dance           Hex            8%         N/A       26%         3
 Passage of Golubria      Tloc           13%        N/A       50%         4
 Anguish                  Hex/Necr       4%         N/A       65%         4
 Silence                  Hex/Air        8%         N/A       71%         5
 Blade Hands              Tmut           4%         N/A       94%         5
 Dispersal                Tloc           6%         N/A       100%        6
 Simulacrum               Ice/Necr       4%         N/A       100%        6
 Lehudib's Crystal Spear  Conj/Erth      12%        10d4      100%        8


Dungeon Overview and Level Annotations

Branches:
Dungeon (9/15)             Temple (1/1) D:5            Lair (1/5) D:8
    Orc: D:9-12

Altars:
Ashenzari
Dithmenos
Elyvilon
Fedhas
Gozag
Hepliaklqana
Kikubaaqudgha
Makhleb
Nemelex Xobeh
Okawaru
Qazlal
Ru
Sif Muna
Trog
Vehumet
Wu Jian
Xom
Yredelemnul
The Shining One

Shops:
D:3 *   D:8 !


Innate Abilities, Weirdness & Mutations

Your serpentine skin is tough. (AC +3)
You have supernaturally acute eyesight. (SInv)
Armour fits poorly on your strangely shaped body.
Your system is resistant to poisons. (rPois)
You cover ground very slowly.
You can spit poison.
You have a snake-like lower body.


Message History

Okay, then.
Aiming: Spit Poison (1% risk of failure)
Press: ? - help, Shift-Dir - straight line, f/p - catoblepas
Aim: a catoblepas (lightly wounded, confused, 100% to hit)
The splash of poison hits the catoblepas!
The catoblepas is poisoned.
The catoblepas is moderately wounded.
Unknown command.
You hit the catoblepas. You burn the catoblepas.
The catoblepas is moderately wounded.
The catoblepas is engulfed in noxious fumes.
You hit the catoblepas. You burn the catoblepas.
The catoblepas is moderately wounded.
The catoblepas seems less confused.
You block the catoblepas's attack.
The catoblepas breathes a plume of calcifying dust at you.
The blast of calcifying dust hits you.
You are engulfed in calcifying dust.
You are slowing down.
The catoblepas gores you!
You climb upwards.
Welcome back to the Dungeon!
You have got your breath back.
You have turned to stone.
The catoblepas gores you! The catoblepas gores you!!
The catoblepas gores you but does no damage.
The catoblepas looks more healthy.
The catoblepas gores you!! The catoblepas gores you!!
* * * LOW HITPOINT WARNING * * *
The catoblepas breathes a plume of calcifying dust at you.
The blast of calcifying dust hits you but does no damage.
You are engulfed in calcifying dust.
The catoblepas breathes a plume of calcifying dust at you.
The blast of calcifying dust hits you!
* * * LOW HITPOINT WARNING * * *
You are engulfed in calcifying dust.
The catoblepas gores you but does no damage.
You are engulfed in calcifying dust.
The catoblepas gores you!
* * * LOW HITPOINT WARNING * * *
You are engulfed in calcifying dust.
The catoblepas gores you!!
You die...

##.##.#.<[.[....######.....#..##.
.....###.####......##.#.......##.
##.##.#.###....P.....##.......###
#.###.###............###>#####
#.# #####..........P.###(# #.#
#..............##.####### ##.#
#..(..####.....##.#...... .#.#
###.P...'.Y#........#.##### ...#
#.......#[@#...P.##......##
.######.#.....####.....####.##...
#.......#..........P....###.#####
#.#####.##.......................
#.#####.##............#.##.######
#.##............P.......##.#
#.##.##.#####......#.##)##.#
#.##.##.# ##.#........##.#
#.......# ###.#####...)...#


You could see a catoblepas.

Vanquished Creatures
  A wizard (D:9)
  An ugly thing (D:9)
  Maurice (D:8)
  A komodo dragon (D:7)
  An efreet (D:9)
  2 trolls
  11 yaks
  3 wyverns
  Grum (D:8)
  A swamp worm (D:8)
  2 water moccasins (D:9)
  An ice beast (D:7)
  5 black bears
  4 orc warriors
  3 ogres
  2 wolves (D:8)
  5 centaurs
  A phantom (D:7)
  Blork the orc (D:6)
  7 bullfrogs
  A gnoll sergeant (D:5)
  3 scorpions
  5 wights (D:8)
  3 howler monkeys (D:9)
  3 jellies
  4 hounds
  5 orc priests
  A gnoll bouda (D:7)
  6 iguanas
  Natasha (D:2)
  9 orc wizards
  15 gnolls
  12 adders
  A white imp (D:7)
  An ufetubus (D:5)
  A worm (D:3)
  2 dart slugs
  25 orcs
  7 ball pythons
  11 endoplasms
  6 giant cockroaches
  8 goblins
  8 hobgoblins
  2 jackals (D:4)
  6 kobolds
  4 quokkas
  8 bats
  4 frilled lizards (D:1)
  4 rats (D:1)
220 creatures vanquished.

Vanquished Creatures (collateral kills)
  A wight (D:9)
  A howler monkey (D:9)
  A dart slug (D:4)
3 creatures vanquished.

Vanquished Creatures (others)
  A deep elf pyromancer (D:9)
  An electric eel (D:9)
  20 fungi (D:8)
  22 plants
44 creatures vanquished.

Grand Total: 267 creatures vanquished

Notes
Turn   | Place    | Note
-------+----------+-------------------------------------------
     0 | D:1      | zazu2006 the Naga Hedge Wizard began the quest for the Orb.
     0 | D:1      | Reached XP level 1. HP: 15/15 MP: 4/4
   208 | D:1      | Reached XP level 2. HP: 22/22 MP: 0/6
  1015 | D:1      | Reached XP level 3. HP: 28/28 MP: 6/8
  1520 | D:2      | Learned a level 3 spell: Mephitic Cloud
  1523 | D:2      | Learned a level 2 spell: Blink
  1684 | D:2      | Reached XP level 4. HP: 31/36 MP: 2/10
  1944 | D:2      | Noticed Natasha
  1970 | D:2      | Killed Natasha
  2989 | D:3      | Reached skill level 1 in Poison Magic
  2989 | D:3      | Reached XP level 5. HP: 42/42 MP: 11/11
  3228 | D:3      | Identified the amulet of Laifiaj {RegenMP rC+ Regen+ MP+9
                  | Int-5}
  3230 | D:3      | Found a bloodstained altar of Trog.
  3291 | D:3      | Found Urasunoe's General Store.
  3300 | D:3      | Bought a scroll of magic mapping for 90 gold pieces
  3634 | D:4      | Noticed an ogre
  3657 | D:4      | Killed an ogre
  3658 | D:4      | Reached skill level 4 in Stealth
  3658 | D:4      | Reached XP level 6. HP: 49/49 MP: 8/12
  4112 | D:4      | Found a broken altar of Ashenzari.
  4193 | D:4      | Reached XP level 7. HP: 52/56 MP: 14/14
  4333 | D:4      | Found a radiant altar of Vehumet.
  4340 | D:4      | Became a worshipper of Vehumet
  4548 | D:4      | Reached skill level 1 in Fighting
  4568 | D:4      | Reached skill level 5 in Stealth
  4568 | D:4      | Reached skill level 5 in Spellcasting
  4795 | D:5      | Entered Level 5 of the Dungeon
  4889 | D:5      | Reached skill level 1 in Air Magic
  5299 | D:4      | Reached XP level 8. HP: 46/64 MP: 5/16
  5359 | D:5      | Reached * piety under Vehumet
  5359 | D:5      | Offered knowledge of Kiss of Death by Vehumet.
  5420 | D:5      | Found a staircase to the Ecumenical Temple.
  5473 | D:5      | Reached skill level 1 in Shields
  5612 | D:5      | Found a sacrificial altar of Ru.
  5857 | D:5      | You fall into a shaft and drop 3 floors!
  5883 | D:7      | Found an ornate altar of the Wu Jian Council.
  5886 | D:7      | Found a blossoming altar of Fedhas.
  5886 | D:7      | Found a white marble altar of Elyvilon.
  5886 | D:7      | Found a basalt altar of Yredelemnul.
  6490 | Temple   | Entered the Ecumenical Temple
  6548 | D:5      | Reached skill level 5 in Conjurations
  6557 | D:5      | Reached skill level 6 in Stealth
  6861 | D:6      | Noticed Blork the orc
  6869 | D:6      | Killed Blork the orc
  7279 | D:7      | Reached XP level 9. HP: 58/73 MP: 8/18
  7497 | D:7      | Got the Almanac of Decaying Frostbite
  7666 | D:7      | Reached skill level 7 in Stealth
  7808 | D:7      | Identified the amulet of Motaoth {Reflect Regen+ Slay+2
                  | SH+5}
  8248 | D:8      | Found a shadowy altar of Dithmenos.
  8251 | D:8      | Noticed Grum
  8252 | D:8      | Noticed a komodo dragon
  8265 | D:8      | Killed Grum
  8285 | D:7      | Killed a komodo dragon
  8617 | D:8      | Offered knowledge of Shock by Vehumet.
  8622 | D:8      | Reached skill level 5 in Poison Magic
  8735 | D:8      | Noticed Maurice
  8773 | D:8      | Killed Maurice
  8773 | D:8      | Reached ** piety under Vehumet
  8774 | D:8      | Reached skill level 8 in Stealth
  8774 | D:8      | Reached XP level 10. HP: 76/81 MP: 18/20
  8919 | D:8      | Found Vis Woy's Distillery.
  8926 | D:8      | Bought a potion of degeneration for 15 gold pieces
  8945 | D:8      | Found a hazy altar of Hepliaklqana.
  9072 | D:8      | Learned a level 1 spell: Shock
  9213 | D:8      | Found a staircase to the Lair.
  9329 | D:8      | Reached skill level 5 in Shields
  9531 | D:9      | Noticed a deep elf pyromancer
  9533 | D:9      | Noticed a green ugly thing
  9792 | D:9      | Reached skill level 9 in Stealth
  9874 | D:9      | Noticed a wizard
  9895 | D:9      | Killed a wizard
  9896 | D:9      | Reached skill level 5 in Dodging
  9946 | D:9      | Offered knowledge of Kindle Blastsparks by Vehumet.
  9997 | D:9      | Reached XP level 11. HP: 85/91 MP: 20/22
 10068 | D:9      | Killed a green ugly thing
 10131 | D:9      | Found a sparkling altar of Nemelex Xobeh.
 10131 | D:9      | Found a burning altar of Makhleb.
 10133 | D:9      | Found an ancient bone altar of Kikubaaqudgha.
 10133 | D:9      | Found a stormy altar of Qazlal.
 10149 | D:9      | Killed a deep elf pyromancer
 10194 | D:9      | Reached *** piety under Vehumet
 10216 | D:9      | Reached skill level 10 in Stealth
 10619 | D:9      | Identified the +1 robe of the Fisher {rElec rF- Will++
                  | SInv}
 10660 | Lair:1   | Entered Level 1 of the Lair of Beasts
 10706 | Lair:1   | Noticed a catoblepas
 10754 | Lair:1   | Noticed a seven-headed hydra
 10769 | D:8      | Slain by a catoblepas

Illustrated notes

Levels and vault maps discovered:
D:1:      saegor_arrival_simple_a, layout_loops_cross, minmay_pentomino_o2
D:2:      layout_basic, uniq_natasha
D:3:      layout_basic, mainiacjoe_overflow_24_doors, serial_shops, shop
D:4:      layout_cave_pools, lemuel_coloured_pillars_altar,
          nicolae_vehumet_altar_sigil, serial_bayou_pond_b, minmay_misc_feat_x,
          minmay_joined_circles
D:5:      layout_cave_pools, mainiacjoe_overflow_brackets,
          minmay_temple_entry_arrows
D:6:      layout_layer_cave, uniq_blork_the_orc
D:7:      layout_loops_ring, grunt_temple_overflow_open
D:8:      layout_loops_cross, amcnicky_altar_gilded,
          mainiacjoe_overflow_alcove_4, grunt_lair_entry_orc_guard_hut,
          serial_shops, nicolae_square_shop, worms_lemuel, uniq_maurice,
          uniq_grum
D:9:      minmay_the_grid_octo_tiled_squarecenter
          [minmay_the_grid_octo_concentric, minmay_the_grid_octo_teeth,
          minmay_the_grid_octo_shrine, minmay_the_grid_octo_pinwheel,
          minmay_the_grid_square_5x5_megaprize_hollow,
          minmay_the_grid_square_5x5_empty,
          minmay_the_grid_square_5x5_inverted_slash,
          minmay_the_grid_square_5x5_n_small,
          minmay_the_grid_square_5x5_checkered], layout_basic
Temple:   hellmonk_temple_rainy
Lair:1:   layout_misc_corridors, gammafunk_ghost_abyssal_escape,
          infiniplex_staircase_pool_2

Skill      XL: |  1  2  3  4  5  6  7  8  9 10 11 |
---------------+----------------------------------+-----
Spellcasting   | 4 5 6 7 8 |  8.0
Dodging        | 2 3 4 5 |  5.5
Conjurations   | 2 3 4 5 6 |  6.9
Poison Magic   | 1 2 4 5 6 |  6.0
Stealth        | 4 5 6 8 9 10 | 10.3
Fighting       | 1 2 3 4 |  4.1
Air Magic      | 1 2 3 4 |  4.0
Shields        | 2 4 5 6 |  6.0
Long Blades    | |  0.1
Summonings     | |  1.1
Translocations | |  1.0
Evocations     | |  0.7

Action                   |  1- 3 |  4- 6 |  7- 9 | 10-12 || total
-------------------------+-------+-------+-------+-------++-------
Melee: Dagger            |       |    15 |       |       ||    15
       Rapier            |       |    37 |   192 |   228 ||   457
       Punch             |       |       |     2 |       ||     2
       Scimitar          |       |       |       |     9 ||     9
 Cast: Magic Dart        |    78 |    58 |   179 |    27 ||   342
       Mephitic Cloud    |       |     5 |    30 |    32 ||    67
       Shock             |       |       |       |     2 ||     2
 Abil: Spit Poison       |     5 |     4 |    20 |    13 ||    42
Evoke: Wand              |       |       |       |     7 ||     7
  Use: Scroll            |       |       |     5 |     5 ||    10
 Stab: Sleeping          |       |     3 |     4 |     1 ||     8
       Confused          |       |     2 |    17 |    19 ||    38
Armor: Robe              |     4 |    17 |    98 |    57 ||   176
Dodge: Dodged            |     7 |    23 |   103 |   133 ||   266
Block: Other             |     3 |     6 |    25 |       ||    34
       Reflection        |     2 |       |     1 |     8 ||    11
       Buckler           |       |       |    65 |   113 ||   178

Table legend: (Time is in decaauts)
 A = Elapsed time spent in this place.
 B = Non-inter-level travel time spent in this place.
 C = Inter-level travel time spent in this place.
 D = Time resting spent in this place.
 E = Time spent auto-exploring this place.
 F = Levels seen in this place.
 G = Mean time per level.
                   A        B        C        D        E       F      G
               +--------+--------+--------+--------+--------+-----+--------+
         Total |  13408 |  13089 |    319 |    596 |   9709 |  11 | 1218.9 |
       Dungeon |  13250 |  12932 |    318 |    596 |   9646 |   9 | 1472.2 |
        Temple |     35 |     35 |      0 |      0 |     12 |   1 |   35.0 |
          Lair |    122 |    122 |      0 |      0 |     51 |   1 |  122.0 |
               +--------+--------+--------+--------+--------+-----+--------+

Top non-repeatable levels by time:
     D:4: 1898 daAuts
     D:2: 1867 daAuts
     D:6: 1510 daAuts
     D:1: 1504 daAuts
     D:9: 1450 daAuts
     D:8: 1425 daAuts
     D:7: 1415 daAuts
     D:3: 1118 daAuts
     D:5: 1059 daAuts
  Lair:1: 122 daAuts
  Temple: 35 daAuts
